Map: 2000 Atmospheres LE

Players

Yeast - Winner!

  • Race: Zerg Zerg
  • League: Master

ProbeiusCorp

  • Race: Protoss Protoss
  • League: Master

VOD

Have the link to the VOD?

Description

Time

  • Played on: Oct. 9, 2021, 1:12 p.m.
  • Length: 29:37
Show
View Real Time Build Order
Export as new Build Order

Yeast Zerg - Winner!

Build Orders: Hatch First, Muta Ling Bane 

Get SALT Encoding   

  12  0:00  Drone  
  13  0:08  Drone  
  14  0:15  Drone, Extractor  
  15  0:37  Hatchery  
  15  0:41  Drone, Extractor  
  14  0:59  Spawning Pool  
  14  1:02  Drone  
  14  1:09  Overlord  
  14  1:32  Drone x3  
  17  1:45  Queen  
  17  1:46  Zergling x2  
  20  1:55  Roach Warren  
  19  2:02  Drone x2  
  21  2:11  Drone x2  
  21  2:12  Drone  
  24  2:19  Overlord  
  24  2:36  Roach x2  
  28  2:37  Roach  
  28  2:42  Drone x2  
  32  2:49  Roach  
  34  2:54  Queen  
  36  3:00  Overlord, Extractor  
  35  3:12  Overlord  
  36  3:20  Ravager x2  
  36  3:24  Drone  
  36  3:25  Drone x2  
  41  3:27  Ravager  
  41  3:30  Drone x5  
  47  3:40  Drone x2  
  49  3:50  Drone  
  49  3:51  Drone  
  50  3:57  Drone  
  50  3:59  Drone  
  52  4:06  Drone x3  
  52  4:10  Overlord  
  52  4:15  Extractor  
  48  4:17  Extractor  
  48  4:18  Extractor  
  48  4:19  Overlord  
  41  4:24  Hatchery  
  41  4:31  Lair, Drone  
  40  4:32  Hatchery, Drone  
  40  4:33  Drone  
  42  4:41  Drone x3  
  46  4:47  Zergling x2  
  47  4:53  Queen  
  47  4:55  Drone x5  
  47  4:56  Drone  
  55  5:02  Extractor  
  55  5:06  Metabolic Boost  
  54  5:08  Overlord  
  54  5:27  Overlord  
  54  5:32  Hydralisk Den  
  54  5:35  Queen x2  
  53  5:38  Overlord  
  53  5:39  Overlord  
  53  5:40  Drone  
  58  5:43  Queen  
  58  5:44  Overlord  
  58  5:47  Drone  
  58  5:48  Drone x3  
  64  5:57  Drone x5  
  64  6:02  Glial Reconstitution  
  69  6:05  Drone  
  69  6:11  Queen  
  69  6:13  Queen x2  
  75  6:23  Drone x2  
  75  6:24  Drone x6  
  83  6:28  Drone x4  
  87  6:40  Drone x6  
  87  6:43  Extractor  
  87  6:45  Extractor  
  91  6:49  Extractor x2  
  91  6:54  Evolution Chamber  
  88  6:55  Overlord  
  88  6:56  Evolution Chamber  
  88  6:57  Spire  
  88  6:58  Drone x9  
  95  7:03  Overlord  
  95  7:05  Overlord  
  95  7:07  Overlord  
  95  7:18  Overlord  
  95  7:19  Spine Crawler  
  95  7:20  Zergling x4  
  96  7:26  Drone x3  
  99  7:34  Zerg Ground Armor Level 1, Zerg Melee Weapons Level 1  
  100  7:37  Drone x7  
  100  7:39  Baneling Nest, Hatchery  
  100  7:40  Overlord  
  104  7:52  Overlord  
  102  7:59  Overlord x2  
  102  8:05  Overlord  
  102  8:12  Mutalisk x5  
  112  8:13  Overlord x2  
  112  8:14  Overlord x2  
  112  8:20  Overlord  
  112  8:23  Centrifical Hooks  
  112  8:24  Overlord  
  112  8:28  Hydralisk x4  
  112  8:29  Hydralisk x2  
  112  8:32  Overlord  
  112  8:33  Mutalisk  
  112  8:34  Roach, Mutalisk x3  
  126  8:40  Mutalisk x3  
  136  8:49  Mutalisk x2  
  136  8:53  Mutalisk, Drone, Queen  
  136  8:54  Mutalisk  
  145  8:59  Mutalisk x2  
  140  9:05  Overseer x3  
  140  9:06  Extractor  
  140  9:07  Overseer  
  135  9:12  Evolution Chamber x2  
  135  9:14  Evolution Chamber  
  123  9:23  Mutalisk  
  123  9:24  Mutalisk x6  
  114  9:27  Pneumatized Carapace  
  114  9:29  Drone x11  
  132  9:38  Drone x2  
  116  9:47  Spore Crawler, Drone  
  116  9:48  Drone  
  114  9:53  Drone  
  113  10:00  Drone x2  
  113  10:03  Drone  
  114  10:17  Drone x3  
  115  10:41  Mutalisk x7  
  127  10:45  Drone x7  
  127  10:46  Drone  
  135  10:51  Overlord  
  135  10:53  Zergling x8  
  131  11:03  Hydralisk  
  131  11:04  Hydralisk x3  
  125  11:09  Overlord  
  131  11:16  Hydralisk x3  
  137  11:18  Zergling x2  
  137  11:19  Zergling x8  
  128  11:29  Drone x6  
  133  11:38  Drone x6  
  139  11:40  Hydralisk  
  141  11:50  Hydralisk x2  
  141  11:52  Zergling x12  
  145  12:03  Hydralisk  
  145  12:04  Hydralisk  
  144  12:10  Zergling x14  
  138  12:23  Overlord, Drone x3  
  138  12:26  Zergling x10  
  138  12:27  Zergling x8  
  140  12:35  Extractor  
  140  12:36  Overlord  
  139  12:38  Drone x4  
  139  12:43  Drone  
  139  12:44  Drone x6  
  150  12:46  Muscular Augments  
  150  12:58  Hydralisk x6  
  150  13:00  Zergling x4  
  150  13:01  Overlord  
  164  13:12  Zerg Melee Weapons Level 2  
  161  13:14  Zergling x2  
  161  13:15  Zergling x20  
  161  13:18  Drone  
  173  13:21  Spore Crawler  
  173  13:22  Overlord x2  
  172  13:28  Spine Crawler  
  172  13:29  Baneling x10  
  172  13:30  Baneling  
  171  13:41  Drone x6  
  176  13:46  Hatchery  
  176  13:50  Overseer  
  176  13:52  Overlord x2  
  176  13:54  Infestation Pit  
  171  13:56  Overseer x4  
  171  14:02  Overlord  
  155  14:14  Drone x7  
  155  14:16  Spore Crawler  
  159  14:21  Spore Crawler  
  158  14:31  Zerg Ground Armor Level 2  
  158  14:33  Hydralisk  
  158  14:34  Hydralisk x5  
  168  14:42  Baneling x14  
  168  14:47  Hive  
  168  14:48  Drone  
  168  14:49  Drone  
  168  14:50  Drone  
  168  14:52  Drone  
  172  14:53  Drone x2  
  174  15:00  Drone x5  
  179  15:17  Lurker Den, Drone x3  
  179  15:19  Drone x2  
  183  15:25  Overlord  
  182  15:34  Hydralisk  
  182  15:35  Hydralisk x7  
  192  15:39  Overlord  
  197  15:45  Drone x2  
  198  15:57  Hatchery  
  187  16:14  Hydralisk  
  187  16:17  Adrenal Glands, Ultralisk Cavern  
  186  16:18  Zerg Melee Weapons Level 3  
  186  16:20  Zergling x14  
  190  16:27  Hydralisk x8  
  190  16:29  Zergling x12  
  188  16:36  Hydralisk  
  188  16:37  Hydralisk x8  
  173  16:40  Zergling x8  
  161  16:48  Drone  
  159  17:04  Lurker x2  
  159  17:05  Lurker x2  
  159  17:06  Lurker  
  164  17:14  Drone  
  164  17:15  Overlord  
  163  17:22  Lurker  
  163  17:23  Lurker, Drone x5  
  163  17:24  Drone x9  
  163  17:29  Spine Crawler  
  177  17:30  Hatchery  
  177  17:31  Spine Crawler  
  177  17:33  Drone  
  177  17:35  Spine Crawler  
  175  17:44  Seismic Spines  
  175  17:54  Hydralisk x5  
  175  17:57  Zergling x18  
  164  18:00  Hydralisk  
  164  18:04  Chitinous Plating  
  138  18:18  Drone x2  
  140  18:20  Drone  
  140  18:21  Drone x6  
  147  18:29  Extractor  
  147  18:30  Extractor  
  147  18:31  Zergling x2, Extractor  
  147  18:32  Zergling x20  
  147  18:33  Extractor  
  147  18:34  Spine Crawler  
  153  18:36  Lurker x2  
  155  18:44  Zerg Ground Armor Level 3  
  155  18:48  Drone  
  155  18:49  Drone x4  
  155  18:50  Drone x3  
  161  19:01  Ultralisk x4  
  178  19:09  Overlord, Spore Crawler  
  175  19:10  Spore Crawler  
  174  19:17  Zergling x2  
  174  19:18  Zergling x18  
  174  19:21  Zergling x2  
  186  19:25  Adaptive Talons  
  186  19:29  Lurker x3  
  186  19:30  Lurker x2  
  190  19:34  Drone x2  
  190  19:41  Overseer x2  
  186  19:47  Overlord  
  186  19:54  Spore Crawler  
  180  20:09  Ultralisk x3  
  180  20:10  Zergling x24  
  180  20:11  Zergling x2  
  187  20:17  Spore Crawler x2  
  187  20:19  Spine Crawler  
  175  20:27  Overseer  
  168  20:40  Zergling x4  
  158  20:43  Ultralisk x2  
  158  20:44  Ultralisk  
  172  20:56  Drone x4  
  172  20:57  Drone x2  
  178  21:18  Ultralisk x2  
  184  21:26  Zerg Missile Weapons Level 1  
  184  21:29  Drone x5  
  187  21:57  Baneling  
  187  21:58  Baneling x9  
  187  22:10  Lurker x6  
  187  22:12  Hydralisk x3  
  165  22:49  Ultralisk  
  165  22:50  Hydralisk x2  
  165  22:51  Hydralisk x9  
  171  22:53  Ultralisk  
  195  23:00  Zergling x6  
  188  23:40  Ultralisk  
  188  23:41  Ultralisk  
  200  23:43  Zergling x2  
  200  23:47  Lurker x4  
  200  23:48  Lurker x2  
  192  24:09  Hatchery  
  190  24:12  Hydralisk  
  190  24:13  Hydralisk  
  146  25:01  Drone x2  
  146  25:02  Drone  
  148  25:26  Hydralisk x5  
  123  25:43  Zergling x4  
  95  26:32  Overseer x2  
  95  27:08  Hatchery  
  88  27:21  Hydralisk  
  68  27:45  Grooved Spines  
  68  27:46  Drone x2  
  68  27:47  Drone  
  71  28:05  Drone x3  
  74  28:09  Overseer  
  74  28:11  Drone  
  71  28:26  Drone  
  72  28:32  Drone x3  
  72  28:33  Drone  
  73  28:46  Drone  
Show
View Real Time Build Order
Export as new Build Order

ProbeiusCorp Protoss 

Build Orders: 1 Gate Expand, Proxy Void Ray 

Get SALT Encoding   

  12  0:00  Probe  
  13  0:12  Probe  
  14  0:17  Pylon  
  14  0:25  Probe  
  15  0:37  Probe (Chrono Boost)  
  15  0:39  Gateway  
  16  0:46  Probe (Chrono Boost)  
  16  0:49  Assimilator  
  17  0:53  Probe  
  18  1:05  Probe  
  19  1:17  Probe  
  20  1:28  Cybernetics Core  
  20  1:38  Nexus  
  20  1:41  Probe  
  21  1:52  Assimilator  
  21  2:02  Pylon  
  21  2:03  Adept (Chrono Boost)  
  23  2:12  Warp Gate  
  22  2:18  Shield Battery  
  22  2:25  Probe  
  22  2:28  Stalker (Chrono Boost)  
  25  2:37  Probe  
  26  2:45  Stargate  
  26  2:51  Probe (Chrono Boost)  
  26  2:52  Probe (Chrono Boost)  
  28  2:59  Adept  
  28  3:03  Probe (Chrono Boost)  
  32  3:09  Probe (Chrono Boost)  
  32  3:11  Probe (Chrono Boost)  
  33  3:15  Probe  
  33  3:16  Pylon  
  33  3:18  Probe  
  35  3:22  Void Ray (Chrono Boost)  
  35  3:28  Probe  
  40  3:37  Probe  
  41  3:52  Void Ray  
  41  3:53  Shield Battery  
  43  4:03  Stalker  
  41  4:13  Probe  
  39  4:20  Pylon  
  39  4:22  Probe (Chrono Boost)  
  40  4:25  Probe (Chrono Boost)  
  40  4:30  Twilight Council  
  41  4:34  Probe (Chrono Boost)  
  41  4:35  Probe (Chrono Boost)  
  43  4:38  Probe (Chrono Boost)  
  43  4:39  Adept  
  43  4:40  Probe (Chrono Boost)  
  47  4:48  Probe  
  47  4:52  Probe  
  49  4:54  Assimilator  
  49  4:57  Pylon  
  49  5:01  Probe  
  49  5:05  Gateway  
  49  5:06  Gateway  
  50  5:13  Probe x2  
  52  5:18  Pylon  
  52  5:26  Nexus  
  52  5:27  Void Ray, Dark Shrine, Pylon  
  52  5:29  Probe x2  
  58  5:47  Assimilator  
  58  5:53  Probe x2  
  60  5:57  Shield Battery  
  60  5:59  Robotics Facility  
  60  6:02  Adept x2  
  60  6:03  Adept  
  66  6:11  Probe x2  
  68  6:18  Pylon  
  68  6:20  Charge  
  68  6:21  Forge  
  68  6:27  Probe x2  
  70  6:39  Probe x3  
  73  6:47  Gateway  
  73  6:48  Immortal (Chrono Boost)  
  73  6:50  Gateway  
  73  6:51  Probe x3  
  73  6:53  Adept x2  
  73  6:54  Adept  
  86  7:03  Probe x2  
  86  7:04  Protoss Ground Weapons Level 1 (Chrono Boost)  
  86  7:07  Pylon  
  88  7:12  Probe  
  88  7:15  Probe, Dark Templar  
  90  7:16  Probe  
  93  7:29  Zealot  
  95  7:30  Zealot  
  95  7:32  Pylon  
  95  7:35  Probe, Gateway  
  95  7:36  Probe x2  
  100  7:37  Gateway  
  100  7:52  Probe x3  
  100  7:57  Immortal (Chrono Boost)  
  103  8:01  Phoenix  
  109  8:10  Pylon  
  109  8:11  Pylon x2  
  105  8:15  Zealot x2  
  105  8:17  Photon Cannon  
  105  8:18  Shield Battery  
  105  8:42  Dark Templar x3  
  105  8:43  Dark Templar x4  
  105  8:46  Phoenix (Chrono Boost)  
  115  8:49  Probe x3  
  115  8:50  Photon Cannon  
  115  8:53  Shield Battery  
  112  9:01  Probe  
  112  9:02  Photon Cannon  
  109  9:04  Probe x2  
  109  9:05  Shield Battery  
  109  9:08  Phoenix (Chrono Boost)  
  109  9:09  Assimilator  
  105  9:13  Assimilator  
  105  9:21  Archon  
  103  9:24  Immortal  
  101  9:32  Probe x2  
  101  9:35  Stalker  
  101  9:36  Stalker x6  
  117  9:42  Probe  
  117  9:44  Probe  
  117  9:45  Probe  
  120  9:46  Archon  
  120  9:48  Protoss Ground Weapons Level 2 (Chrono Boost)  
  114  9:54  Probe, Phoenix (Chrono Boost)  
  114  9:55  Photon Cannon  
  114  9:56  Probe  
  118  10:00  Stalker x2, Zealot  
  118  10:01  Zealot x4  
  130  10:08  Pylon  
  130  10:09  Pylon  
  130  10:11  Observer, Pylon  
  131  10:15  Phoenix  
  133  10:35  Nexus  
  125  10:36  Stalker x6, Pylon  
  125  10:37  Stalker  
  131  10:53  Photon Cannon  
  131  10:55  Photon Cannon  
  128  10:57  Photon Cannon  
  128  10:59  Phoenix  
  128  11:00  Photon Cannon  
  128  11:01  Photon Cannon  
  126  11:13  Stalker  
  126  11:14  Stalker x5  
  126  11:16  Stalker  
  140  11:25  Probe x3, Phoenix (Chrono Boost)  
  118  11:30  Photon Cannon  
  118  11:32  Photon Cannon  
  117  11:33  Photon Cannon  
  117  11:35  Fleet Beacon  
  117  11:39  Photon Cannon  
  115  11:40  Shield Battery, Photon Cannon  
  115  11:46  Phoenix  
  117  11:54  Zealot  
  117  11:55  Zealot x2  
  105  12:15  Zealot  
  105  12:16  Zealot x6  
  117  12:26  Phoenix (Chrono Boost)  
  107  12:36  Zealot  
  107  12:37  Zealot x6  
  121  12:46  Assimilator  
  121  12:47  Assimilator  
  121  12:48  Phoenix (Chrono Boost)  
  119  12:57  Photon Cannon  
  119  12:59  Dark Templar x3  
  119  13:00  Dark Templar  
  119  13:01  Zealot x3  
  119  13:03  Archon  
  119  13:04  Archon  
  119  13:05  Protoss Ground Weapons Level 3 (Chrono Boost)  
  133  13:08  Anion Pulse-Crystals (Chrono Boost)  
  123  13:27  Dark Templar x2  
  123  13:28  Dark Templar  
  129  13:34  Observer  
  129  13:36  Gateway x2  
  129  13:37  Zealot x4  
  138  13:41  Gateway  
  138  13:44  Gateway  
  138  14:08  Zealot x7  
  152  14:12  Phoenix  
  152  14:15  Templar Archives  
  148  14:22  Immortal (Chrono Boost)  
  148  14:29  Dark Templar  
  148  14:30  Dark Templar x2  
  158  14:37  Phoenix (Chrono Boost)  
  154  14:39  Psionic Storm  
  154  14:41  Dark Templar, Archon  
  154  14:43  Zealot x7  
  170  14:45  Archon  
  170  14:54  Phoenix (Chrono Boost)  
  172  15:02  High Templar x2  
  172  15:03  Zealot  
  172  15:04  Zealot  
  180  15:08  Pylon  
  180  15:10  Pylon  
  180  15:14  Observer  
  180  15:15  Pylon  
  180  15:16  Pylon  
  180  15:30  Zealot x7  
  180  15:31  Zealot  
  196  15:44  High Templar x2  
  184  16:11  High Templar x4  
  172  16:14  Zealot  
  172  16:15  Zealot x4  
  168  16:39  Phoenix  
  126  16:40  Zealot x7  
  118  16:49  Zealot  
  118  16:50  Zealot x3  
  126  17:03  High Templar x5  
  126  17:04  High Templar  
  126  17:05  Zealot  
  130  17:20  Zealot x4  
  138  17:26  Nexus  
  138  17:27  Immortal (Chrono Boost), Pylon  
  142  17:36  High Templar x2  
  146  17:38  Zealot  
  146  17:43  Archon  
  148  17:46  Zealot  
  148  17:47  Zealot x7  
  109  18:06  Observer (Chrono Boost)  
  109  18:08  Zealot x3  
  109  18:09  Zealot x8  
  132  18:22  Observer (Chrono Boost)  
  133  18:31  Dark Templar x2  
  133  18:32  Dark Templar x4  
  145  18:45  Zealot  
  145  18:46  Zealot x3  
  129  19:10  Zealot x9  
  145  19:25  High Templar x2  
  149  19:31  Immortal (Chrono Boost)  
  149  19:38  Nexus  
  153  19:39  High Templar x3  
  153  19:40  Pylon  
  153  19:41  High Templar  
  161  19:45  Archon x2  
  161  19:59  Zealot  
  162  20:00  Zealot x6  
  134  20:15  Zealot  
  134  20:16  Zealot x3  
  134  20:23  Immortal  
  134  20:25  Zealot x4  
  146  20:46  High Templar x4  
  144  20:54  Zealot  
  144  20:55  Zealot x4  
  137  21:26  Nexus  
  137  21:35  High Templar x3  
  137  21:37  High Templar  
  145  21:40  Archon  
  145  21:42  Archon  
  145  21:50  Pylon  
  145  21:57  Dark Templar  
  139  22:30  Immortal  
  139  22:34  High Templar x2  
  137  22:49  High Templar  
  137  22:50  Zealot x3  
  143  23:05  Assimilator  
  141  23:09  Assimilator  
  141  23:14  High Templar  
  141  23:16  High Templar  
  93  24:05  Dark Templar x2  
  90  24:12  Archon  
  70  24:20  Archon  
  67  24:24  Probe x2  
  63  24:57  High Templar  
  17  27:36  Observer  
Tags
 
Add a new tag
Caveats
  • Supply blocks, unpowered buildings, or Contaminate may cause inaccurate times.
  • Supply counts are checked every 10 seconds.